Match 41423275
Unlisted

Match 41423275
End
Vickers Machine Gun Team
Selects Heavy Armor Battlegroup
Construct Section Command Post
ML 3-inch Mortar Team
ML 3-inch Mortar Team
Vickers Machine Gun Team
Construct Platoon Command Post
Team Weapon Training
Selects Rigorous Vehicle Training
Selects Light Vehicle Withdraw and Refit
Selects Light Vehicle Withdraw and Refit
Selects UNKNOWN (202330)
Unlock M3 Stuart Light Tanks
Vickers Machine Gun Team
M3 Stuart Light Tank
Light Vehicle Training
M3 Stuart Light Tank
Selects Rigorous Vehicle Training
M3 Stuart Light Tank
Royal Engineer Section
Royal Engineer Section
Selects Forward Repair Assembly
M3 Stuart Light Tank
M3 Stuart Light Tank
M3 Stuart Light Tank
Selects Recon Artillery
Construct Field Infirmary
M3 Stuart Light Tank
Recon Artillery
6-pounder Anti-tank Gun Team
6-pounder Anti-tank Gun Team
6-pounder Anti-tank Gun Team
Vickers Machine Gun Team
MajorMalfunction_
muie mihnea
venam
Freeze
KoMoDЫ4
_Nemez_
0
0

Comments sign in to comment!

No comments posted yet!